Workbook

Sheet Форма 1
A3: Данные о работе местного исполнительного органа по внутреннему контролю за качеством оказания государственных услуг, шт.
A5: № п/п | D5: Выполняемые мероприятия | F5: Наименование месяцев | AD5: ВСЕГО
F6: январь | H6: февраль | J6: март | L6: апрель | N6: май | P6: июнь | R6: июль | T6: август | V6: сентябрь | X6: октябрь | Z6: ноябрь | AB6: декабрь | AD6: за __ квартал
F7: 1 | H7: 2 | J7: 3 | L7: 4 | N7: 5 | P7: 6 | R7: 7 | T7: 8 | V7: 9 | X7: 10 | Z7: 11 | AB7: 12
A8: 1. Информация о результатах контрольных мероприятий (установленных по итогам внутреннего контроля)
A9: 1. | D9: Количество проведенных контрольных мероприятий, всего, из них: | F9: =F10+F11 -> 0 | H9: =H10+H11 -> 0 | J9: =J10+J11 -> 0 | L9: =L10+L11 -> 0 | N9: =N10+N11 -> 0 | P9: =P10+P11 -> 0 | R9: =R10+R11 -> 0 | T9: =T10+T11 -> 0 | V9: =V10+V11 -> 0 | X9: =X10+X11 -> 0 | Z9: =Z10+Z11 -> 0 | AB9: =AB10+AB11 -> 0 | AD9: =F9+H9+J9+L9+N9+P9+R9+T9+V9+X9+Z9+AB9 -> 0
A10: 1.1. | D10: согласно утвержденному годовому плану контрольных мероприятий | AD10: =F10+H10+J10+L10+N10+P10+R10+T10+V10+X10+Z10+AB10 -> 0
A11: 1.2. | D11: по результатам мониторинга качества оказания государственных услуг | AD11: =F11+H11+J11+L11+N11+P11+R11+T11+V11+X11+Z11+AB11 -> 0
A12: 2. | D12: Количество объектов контрольных мероприятий, всего, из них: | F12: =F13+F14+F15+F16+F17 -> 0 | H12: =H13+H14+H15+H16+H17 -> 0 | J12: =J13+J14+J15+J16+J17 -> 0 | L12: =L13+L14+L15+L16+L17 -> 0 | N12: =N13+N14+N15+N16+N17 -> 0 | P12: =P13+P14+P15+P16+P17 -> 0 | R12: =R13+R14+R15+R16+R17 -> 0 | T12: =T13+T14+T15+T16+T17 -> 0 | V12: =V13+V14+V15+V16+V17 -> 0 | X12: =X13+X14+X15+X16+X17 -> 0 | Z12: =Z13+Z14+Z15+Z16+Z17 -> 0 | AB12: =AB13+AB14+AB15+AB16+AB17 -> 0 | AD12: =F12+H12+J12+L12+N12+P12+R12+T12+V12+X12+Z12+AB12 -> 0
A13: 2.1. | D13: структурных подразделений и ведомств центрального государственного органа | AD13: =F13+H13+J13+L13+N13+P13+R13+T13+V13+X13+Z13+AB13 -> 0
A14: 2.2. | D14: местных исполнительных органов | AD14: =F14+H14+J14+L14+N14+P14+R14+T14+V14+X14+Z14+AB14 -> 0
A15: 2.3. | D15: подведомственных организаций | AD15: =F15+H15+J15+L15+N15+P15+R15+T15+V15+X15+Z15+AB15 -> 0
A16: 2.4. | D16: физических лиц, оказывающих государственные услуги в соответствии с законодательством Республики Казахстан | AD16: =F16+H16+J16+L16+N16+P16+R16+T16+V16+X16+Z16+AB16 -> 0
A17: 2.5. | D17: юридических лиц, оказывающих государственные услуги в соответствии с законодательством Республики Казахстан (не являющихся государственными органами или подведомственными организациями) | AD17: =F17+H17+J17+L17+N17+P17+R17+T17+V17+X17+Z17+AB17 -> 0
A18: 3. | D18: Количество выявленных нарушений, всего, из них: | F18: =F19+F20+F21+F22+F23+F24+F25+F26+F27+F28+F29+F30+F31+F32+F33+F34+F35 -> 0 | H18: =H19+H20+H21+H22+H23+H24+H25+H26+H27+H28+H29+H30+H31+H32+H33+H34+H35 -> 0 | J18: =J19+J20+J21+J22+J23+J24+J25+J26+J27+J28+J29+J30+J31+J32+J33+J34+J35 -> 0 | L18: =L19+L20+L21+L22+L23+L24+L25+L26+L27+L28+L29+L30+L31+L32+L33+L34+L35 -> 0 | N18: =N19+N20+N21+N22+N23+N24+N25+N26+N27+N28+N29+N30+N31+N32+N33+N34+N35 -> 0 | P18: =P19+P20+P21+P22+P23+P24+P25+P26+P27+P28+P29+P30+P31+P32+P33+P34+P35 -> 0 | R18: =R19+R20+R21+R22+R23+R24+R25+R26+R27+R28+R29+R30+R31+R32+R33+R34+R35 -> 0 | T18: =T19+T20+T21+T22+T23+T24+T25+T26+T27+T28+T29+T30+T31+T32+T33+T34+T35 -> 0 | V18: =V19+V20+V21+V22+V23+V24+V25+V26+V27+V28+V29+V30+V31+V32+V33+V34+V35 -> 0 | X18: =X19+X20+X21+X22+X23+X24+X25+X26+X27+X28+X29+X30+X31+X32+X33+X34+X35 -> 0 | Z18: =Z19+Z20+Z21+Z22+Z23+Z24+Z25+Z26+Z27+Z28+Z29+Z30+Z31+Z32+Z33+Z34+Z35 -> 0 | AB18: =AB19+AB20+AB21+AB22+AB23+AB24+AB25+AB26+AB27+AB28+AB29+AB30+AB31+AB32+AB33+AB34+AB35 -> 0 | AD18: =F18+H18+J18+L18+N18+P18+R18+T18+V18+X18+Z18+AB18 -> 0
A19: 3.1. | D19: нарушения сроков оказания государственных услуг | AD19: =F19+H19+J19+L19+N19+P19+R19+T19+V19+X19+Z19+AB19 -> 0
A20: 3.2. | D20: нарушения сроков отказов оказания государственных услуг | AD20: =F20+H20+J20+L20+N20+P20+R20+T20+V20+X20+Z20+AB20 -> 0
A21: 3.3. | D21: оказания государственных услуг при отсутствии полного пакета документов, предусмотренных подзаконными нормативными правовыми актами, а также несоответствии перечня документов или сведений, указанных в них, требованиям подзаконных нормативных правовых актов | AD21: =F21+H21+J21+L21+N21+P21+R21+T21+V21+X21+Z21+AB21 -> 0
A22: 3.4. | D22: истребования документов, не предусмотренных установленным перечнем в подзаконных нормативных правовых актах | AD22: =F22+H22+J22+L22+N22+P22+R22+T22+V22+X22+Z22+AB22 -> 0
A23: 3.5. | D23: истребования документов, которые возможно получить из информационных систем | AD23: =F23+H23+J23+L23+N23+P23+R23+T23+V23+X23+Z23+AB23 -> 0
A24: 3.6. | D24: неоднократного предоставления отказа по заявлениям с идентичным перечнем документов и их содержанием | AD24: =F24+H24+J24+L24+N24+P24+R24+T24+V24+X24+Z24+AB24 -> 0
A25: 3.7. | D25: нарушения порядка (бизнес-процессов) оказания государственных услуг | AD25: =F25+H25+J25+L25+N25+P25+R25+T25+V25+X25+Z25+AB25 -> 0
A26: 3.8. | D26: необоснованных отказов в оказании государственных услуг | AD26: =F26+H26+J26+L26+N26+P26+R26+T26+V26+X26+Z26+AB26 -> 0
A27: 3.9. | D27: несоблюдения графика работы, предусмотренного подзаконными нормативными правовыми актами | AD27: =F27+H27+J27+L27+N27+P27+R27+T27+V27+X27+Z27+AB27 -> 0
A28: 3.10. | D28: предоставления государственной услуги на платной основе, бесплатное предоставление которой гарантировано законами Республики Казахстан | AD28: =F28+H28+J28+L28+N28+P28+R28+T28+V28+X28+Z28+AB28 -> 0
A29: 3.11. | D29: отсутствия ответов на запросы о стадии исполнения государственных услуг, а также предоставление услугополучателям неполной и недостоверной информации о порядке оказания государственных услуг | AD29: =F29+H29+J29+L29+N29+P29+R29+T29+V29+X29+Z29+AB29 -> 0
A30: 3.12. | D30: отсутствия перечня необходимых документов и образцов форм их заполнения для оказания государственных услуг в местах нахождения услугодателей и в отделах по обслуживанию населения филиалов Государственной корпорации | AD30: =F30+H30+J30+L30+N30+P30+R30+T30+V30+X30+Z30+AB30 -> 0
... A36: 4. | D36: Количество лиц, восстановивших нарушенные права при получении государственных услуг по результатам контрольных мероприятий | AD36: =F36+H36+J36+L36+N36+P36+R36+T36+V36+X36+Z36+AB36 -> 0
A37: 5. | D37: Количество наложенных дисциплинарных взысканий по итогам контрольных мероприятий, всего, из них: | F37: =F38+F39+F40+F41+F42+F43 -> 0 | H37: =H38+H39+H40+H41+H42+H43 -> 0 | J37: =J38+J39+J40+J41+J42+J43 -> 0 | L37: =L38+L39+L40+L41+L42+L43 -> 0 | N37: =N38+N39+N40+N41+N42+N43 -> 0 | P37: =P38+P39+P40+P41+P42+P43 -> 0 | R37: =R38+R39+R40+R41+R42+R43 -> 0 | T37: =T38+T39+T40+T41+T42+T43 -> 0 | V37: =V38+V39+V40+V41+V42+V43 -> 0 | X37: =X38+X39+X40+X41+X42+X43 -> 0 | Z37: =Z38+Z39+Z40+Z41+Z42+Z43 -> 0 | AB37: =AB38+AB39+AB40+AB41+AB42+AB43 -> 0 | AD37: =F37+H37+J37+L37+N37+P37+R37+T37+V37+X37+Z37+AB37 -> 0
A38: 5.1. | D38: замечание | AD38: =F38+H38+J38+L38+N38+P38+R38+T38+V38+X38+Z38+AB38 -> 0
A39: 5.2. | D39: выговор | AD39: =F39+H39+J39+L39+N39+P39+R39+T39+V39+X39+Z39+AB39 -> 0
A40: 5.3. | D40: строгий выговор | AD40: =F40+H40+J40+L40+N40+P40+R40+T40+V40+X40+Z40+AB40 -> 0
A41: 5.4. | D41: предупреждение о неполном служебном соответствии | AD41: =F41+H41+J41+L41+N41+P41+R41+T41+V41+X41+Z41+AB41 -> 0
A42: 5.5. | D42: понижение в должности | AD42: =F42+H42+J42+L42+N42+P42+R42+T42+V42+X42+Z42+AB42 -> 0
A43: 5.6. | D43: увольнение с занимаемой должности | AD43: =F43+H43+J43+L43+N43+P43+R43+T43+V43+X43+Z43+AB43 -> 0
A44: 6. | D44: Количество лиц, привлеченных к дисциплинарной ответственности, всего, из них: | F44: =F45+F46+F47 -> 0 | H44: =H45+H46+H47 -> 0 | J44: =J45+J46+J47 -> 0 | L44: =L45+L46+L47 -> 0 | N44: =N45+N46+N47 -> 0 | P44: =P45+P46+P47 -> 0 | R44: =R45+R46+R47 -> 0 | T44: =T45+T46+T47 -> 0 | V44: =V45+V46+V47 -> 0 | X44: =X45+X46+X47 -> 0 | Z44: =Z45+Z46+Z47 -> 0 | AB44: =AB45+AB46+AB47 -> 0 | AD44: =F44+H44+J44+L44+N44+P44+R44+T44+V44+X44+Z44+AB44 -> 0
A45: 6.1. | D45: сотрудники структурных подразделений и ведомств центрального государственного органа | AD45: =F45+H45+J45+L45+N45+P45+R45+T45+V45+X45+Z45+AB45 -> 0
A46: 6.2. | D46: сотрудники местных исполнительных органов | AD46: =F46+H46+J46+L46+N46+P46+R46+T46+V46+X46+Z46+AB46 -> 0
A47: 6.3. | D47: сотрудники подведомственных организаций | AD47: =F47+H47+J47+L47+N47+P47+R47+T47+V47+X47+Z47+AB47 -> 0
A48: 7 | D48: Количество выработанных рекомендаций по итогам контрольных мероприятий, всего, из них: | F48: =F49+F50 -> 0 | H48: =H49+H50 -> 0 | J48: =J49+J50 -> 0 | L48: =L49+L50 -> 0 | N48: =N49+N50 -> 0 | P48: =P49+P50 -> 0 | R48: =R49+R50 -> 0 | T48: =T49+T50 -> 0 | V48: =V49+V50 -> 0 | X48: =X49+X50 -> 0 | Z48: =Z49+Z50 -> 0 | AB48: =AB49+AB50 -> 0 | AD48: =F48+H48+J48+L48+N48+P48+R48+T48+V48+X48+Z48+AB48 -> 0
A49: 7.1. | D49: исполненных | AD49: =F49+H49+J49+L49+N49+P49+R49+T49+V49+X49+Z49+AB49 -> 0
A50: 7.2. | D50: неисполненных | AD50: =F50+H50+J50+L50+N50+P50+R50+T50+V50+X50+Z50+AB50 -> 0
A51: 2. Информация о результатах наблюдения за качеством оказания государственных услуг
A52: 2.1. Информация о количестве оказанных государственных услуг
A53: № | D53: Выполняемые мероприятия | F53: Наименование месяцев | AD53: ВСЕГО
F54: январь | H54: февраль | J54: март | L54: апрель | N54: май | P54: июнь | R54: июль | T54: август | V54: сентябрь | X54: октябрь | Z54: ноябрь | AB54: декабрь
F55: физ. лицо | G55: юр. лицо | H55: физ. лицо | I55: юр. лицо | J55: физ. лицо | K55: юр. лицо | L55: физ. лицо | M55: юр. лицо | N55: физ. лицо | O55: юр. лицо | P55: физ. лицо | Q55: юр. лицо | R55: физ. лицо | S55: юр. лицо | T55: физ. лицо | U55: юр. лицо | V55: физ. лицо | W55: юр. лицо | X55: физ. лицо | Y55: юр. лицо | Z55: физ. лицо | AA55: юр. лицо | AB55: физ. лицо | AC55: юр. лицо | AD55: физ. лицо | AE55: юр. лицо
A56: 8. | D56: Количество оказанных государственных услуг - всего, из них: | F56: =F57+F420+F782+F1144 -> 1 | G56: =G57+G420+G782+G1144 -> 13 | H56: =H57+H420+H782+H1144 -> 3 | I56: =I57+I420+I782+I1144 -> 17 | J56: =J57+J420+J782+J1144 -> 1 | K56: =K57+K420+K782+K1144 -> 8 | L56: =L57+L420+L782+L1144 -> 1 | M56: =M57+M420+M782+M1144 -> 12 | ... AC56: =AC57+AC420+AC782+AC1144 -> 0 | AD56: =F56+H56+J56+L56+N56+P56+R56+T56+V56+X56+Z56+AB56 -> 18 | AE56: =G56+I56+K56+M56+O56+Q56+S56+U56+W56+Y56+AA56+AC56 -> 122
A57: 8.1. | C57: 8.1. | D57: оказанных услугодателями через канцелярию (за исключением оказанных через Государственную корпорацию и (или) партнерские организации) в бумажной форме, всего, в том числе по подвидам услуг: | F57: =SUM(F58:F419) -> 0 | G57: =SUM(G58:G419) -> 0 | H57: =SUM(H58:H419) -> 0 | I57: =SUM(I58:I419) -> 0 | J57: =SUM(J58:J419) -> 0 | K57: =SUM(K58:K419) -> 0 | L57: =SUM(L58:L419) -> 0 | M57: =SUM(M58:M419) -> 0 | ... AC57: =SUM(AC58:AC419) -> 0 | AD57: =F57+H57+J57+L57+N57+P57+R57+T57+V57+X57+Z57+AB57 -> 0 | AE57: =G57+I57+K57+M57+O57+Q57+S57+U57+W57+Y57+AA57+AC57 -> 0
D58: наименование государственной услуги | E58: наименование подвида государственной услуги
A59: 1 | C59: 8.1. | D59: Выдача удостоверений на право управления тракторами и изготовленными на их базе самоходными шасси и механизмами, самоходными сельскохозяйственными, мелиоративными и дорожно-строительными машинами и механизмами, а также специальными машинами повышенной проходимости | AD59: =F59+H59+J59+L59+N59+P59+R59+T59+V59+X59+Z59+AB59 -> 0 | AE59: =G59+I59+K59+M59+O59+Q59+S59+U59+W59+Y59+AA59+AC59 -> 0
B60: 1 | C60: 8.1. | E60: Получение удостоверения тракториста-машиниста категорий "А", "В", "Г", "Б" и "Д" | F60: 0 | H60: 0 | J60: 0 | L60: 0 | N60: 0 | P60: 0 | R60: 0 | T60: 0 | V60: 0 | AD60: =F60+H60+J60+L60+N60+P60+R60+T60+V60+X60+Z60+AB60 -> 0 | AE60: =G60+I60+K60+M60+O60+Q60+S60+U60+W60+Y60+AA60+AC60 -> 0
B61: 2 | C61: 8.1. | E61: Получение удостоверения тракториста-машиниста с записью "управление снегоходами, квадроциклами разрешено": | F61: 0 | H61: 0 | J61: 0 | L61: 0 | N61: 0 | P61: 0 | R61: 0 | T61: 0 | V61: 0 | AD61: =F61+H61+J61+L61+N61+P61+R61+T61+V61+X61+Z61+AB61 -> 0 | AE61: =G61+I61+K61+M61+O61+Q61+S61+U61+W61+Y61+AA61+AC61 -> 0
B62: 3 | C62: 8.1. | E62: Замена удостоверения тракториста-машиниста | F62: 0 | H62: 0 | J62: 0 | L62: 0 | N62: 0 | P62: 0 | R62: 0 | T62: 0 | V62: 0 | AD62: =F62+H62+J62+L62+N62+P62+R62+T62+V62+X62+Z62+AB62 -> 0 | AE62: =G62+I62+K62+M62+O62+Q62+S62+U62+W62+Y62+AA62+AC62 -> 0
B63: 4 | C63: 8.1. | E63: Получение дубликата удостоверения тракториста-машиниста | F63: 0 | H63: 0 | J63: 0 | L63: 0 | N63: 0 | P63: 0 | R63: 0 | T63: 0 | V63: 0 | AD63: =F63+H63+J63+L63+N63+P63+R63+T63+V63+X63+Z63+AB63 -> 0 | AE63: =G63+I63+K63+M63+O63+Q63+S63+U63+W63+Y63+AA63+AC63 -> 0
A64: 2 | C64: 8.1. | D64: Выдача удостоверения на право управления самоходным маломерным судном | AD64: =F64+H64+J64+L64+N64+P64+R64+T64+V64+X64+Z64+AB64 -> 0 | AE64: =G64+I64+K64+M64+O64+Q64+S64+U64+W64+Y64+AA64+AC64 -> 0
B65: 5 | C65: 8.1. | E65: Выдача удостоверения на право управления самоходным маломерным судном | AD65: =F65+H65+J65+L65+N65+P65+R65+T65+V65+X65+Z65+AB65 -> 0 | AE65: =G65+I65+K65+M65+O65+Q65+S65+U65+W65+Y65+AA65+AC65 -> 0
B66: 6 | C66: 8.1. | E66: Выдача дубликата удостоверения на право управления самоходным маломерным судном | AD66: =F66+H66+J66+L66+N66+P66+R66+T66+V66+X66+Z66+AB66 -> 0 | AE66: =G66+I66+K66+M66+O66+Q66+S66+U66+W66+Y66+AA66+AC66 -> 0
B67: 7 | C67: 8.1. | E67: Выдача удостоверения на право управления самоходным маломерным судном в случае истечения срока действия ранее выданного удостоверения | AD67: =F67+H67+J67+L67+N67+P67+R67+T67+V67+X67+Z67+AB67 -> 0 | AE67: =G67+I67+K67+M67+O67+Q67+S67+U67+W67+Y67+AA67+AC67 -> 0
B68: 8 | C68: 8.1. | E68: "Выдача удостоверения на право управления самоходным маломерным судном в связи с изменением района плавания и (или) типа судна" | AD68: =F68+H68+J68+L68+N68+P68+R68+T68+V68+X68+Z68+AB68 -> 0 | AE68: =G68+I68+K68+M68+O68+Q68+S68+U68+W68+Y68+AA68+AC68 -> 0
A69: 3 | C69: 8.1. | D69: Проведение регистрации и перерегистрации лиц, осуществляющих миссионерскую деятельность | AD69: =F69+H69+J69+L69+N69+P69+R69+T69+V69+X69+Z69+AB69 -> 0 | AE69: =G69+I69+K69+M69+O69+Q69+S69+U69+W69+Y69+AA69+AC69 -> 0
A70: 4 | C70: 8.1. | D70: Присвоение или продление статуса кандаса | AD70: =F70+H70+J70+L70+N70+P70+R70+T70+V70+X70+Z70+AB70 -> 0 | AE70: =G70+I70+K70+M70+O70+Q70+S70+U70+W70+Y70+AA70+AC70 -> 0
B71: 9 | C71: 8.1. | E71: Получение статуса в общем порядке | AD71: =F71+H71+J71+L71+N71+P71+R71+T71+V71+X71+Z71+AB71 -> 0 | AE71: =G71+I71+K71+M71+O71+Q71+S71+U71+W71+Y71+AA71+AC71 -> 0
B72: 10 | C72: 8.1. | E72: Получение статуса на основании согласия местного исполнительного органа на присвоение статуса кандаса через загранучреждения Республики Казахстан | AD72: =F72+H72+J72+L72+N72+P72+R72+T72+V72+X72+Z72+AB72 -> 0 | AE72: =G72+I72+K72+M72+O72+Q72+S72+U72+W72+Y72+AA72+AC72 -> 0
B73: 11 | C73: 8.1. | E73: Продление статуса | AD73: =F73+H73+J73+L73+N73+P73+R73+T73+V73+X73+Z73+AB73 -> 0 | AE73: =G73+I73+K73+M73+O73+Q73+S73+U73+W73+Y73+AA73+AC73 -> 0
A74: 5 | C74: 8.1. | D74: Предоставление отсрочки от призыва | AD74: =F74+H74+J74+L74+N74+P74+R74+T74+V74+X74+Z74+AB74 -> 0 | AE74: =G74+I74+K74+M74+O74+Q74+S74+U74+W74+Y74+AA74+AC74 -> 0
B75: 12 | C75: 8.1. | E75: Гражданам, занятым уходом за членами семьи, нуждающимися в посторонней помощи и не находящимися на полном государственном обеспечении, при отсутствии близких родственников или других лиц, проживающих на территории Республики Казахстан вместе с ними или отдельно, обязанных по закону содержать указанных членов семьи | AD75: =F75+H75+J75+L75+N75+P75+R75+T75+V75+X75+Z75+AB75 -> 0 | AE75: =G75+I75+K75+M75+O75+Q75+S75+U75+W75+Y75+AA75+AC75 -> 0
B76: 13 | C76: 8.1. | E76: Гражданам, имеющим на своем иждивении ребенка (детей), воспитываемого без матери | AD76: =F76+H76+J76+L76+N76+P76+R76+T76+V76+X76+Z76+AB76 -> 0 | AE76: =G76+I76+K76+M76+O76+Q76+S76+U76+W76+Y76+AA76+AC76 -> 0
B77: 14 | C77: 8.1. | E77: Гражданам, имеющим на своем иждивении лиц, у которых они находились на воспитании и содержании не менее двух лет в связи со смертью своих родителей или лишением их родительских прав, или осуждением судом к лишению свободы | AD77: =F77+H77+J77+L77+N77+P77+R77+T77+V77+X77+Z77+AB77 -> 0 | AE77: =G77+I77+K77+M77+O77+Q77+S77+U77+W77+Y77+AA77+AC77 -> 0
B78: 15 | C78: 8.1. | E78: Гражданам, состоящим в браке и имеющие одного и более детей | AD78: =F78+H78+J78+L78+N78+P78+R78+T78+V78+X78+Z78+AB78 -> 0 | AE78: =G78+I78+K78+M78+O78+Q78+S78+U78+W78+Y78+AA78+AC78 -> 0
B79: 16 | C79: 8.1. | E79: Гражданам, получающим образование, на период обучения | AD79: =F79+H79+J79+L79+N79+P79+R79+T79+V79+X79+Z79+AB79 -> 0 | AE79: =G79+I79+K79+M79+O79+Q79+S79+U79+W79+Y79+AA79+AC79 -> 0
B80: 17 | C80: 8.1. | E80: Гражданам, по состоянию здоровья | AD80: =F80+H80+J80+L80+N80+P80+R80+T80+V80+X80+Z80+AB80 -> 0 | AE80: =G80+I80+K80+M80+O80+Q80+S80+U80+W80+Y80+AA80+AC80 -> 0
B81: 18 | C81: 8.1. | E81: Педагогам, осуществляющим профессиональную деятельность в дошкольных организациях образования, организациях среднего (начального, основного среднего, общего среднего), технического и профессионального, послесреднего образования, специализированных, специальных организациях образования, организациях образования для детей-сирот и детей, оставшихся без попечения родителей, организациях дополнительного образования для детей, а также в методических кабинетах | AD81: =F81+H81+J81+L81+N81+P81+R81+T81+V81+X81+Z81+AB81 -> 0 | AE81: =G81+I81+K81+M81+O81+Q81+S81+U81+W81+Y81+AA81+AC81 -> 0
B82: 19 | C82: 8.1. | E82: Врачам, имеющим соответствующее образование, постоянно работающим по специальности в сельской местности | AD82: =F82+H82+J82+L82+N82+P82+R82+T82+V82+X82+Z82+AB82 -> 0 | AE82: =G82+I82+K82+M82+O82+Q82+S82+U82+W82+Y82+AA82+AC82 -> 0
B83: 20 | C83: 8.1. | E83: Депутатам Парламента Республики Казахстан или местных представительных органов | AD83: =F83+H83+J83+L83+N83+P83+R83+T83+V83+X83+Z83+AB83 -> 0 | AE83: =G83+I83+K83+M83+O83+Q83+S83+U83+W83+Y83+AA83+AC83 -> 0
B84: 21 | C84: 8.1. | E84: Лицам, в отношении которых ведется дознание, предварительное следствие или уголовные дела рассматриваются судами | AD84: =F84+H84+J84+L84+N84+P84+R84+T84+V84+X84+Z84+AB84 -> 0 | AE84: =G84+I84+K84+M84+O84+Q84+S84+U84+W84+Y84+AA84+AC84 -> 0
B85: 22 | C85: 8.1. | E85: Членам летных экипажей гражданских воздушных судов, инженерам, механикам и техникам гражданской авиации, имеющим соответствующее образование | AD85: =F85+H85+J85+L85+N85+P85+R85+T85+V85+X85+Z85+AB85 -> 0 | AE85: =G85+I85+K85+M85+O85+Q85+S85+U85+W85+Y85+AA85+AC85 -> 0
B86: 23 | C86: 8.1. | E86: Членам экипажей судов, имеющим соответствующее образование | AD86: =F86+H86+J86+L86+N86+P86+R86+T86+V86+X86+Z86+AB86 -> 0 | AE86: =G86+I86+K86+M86+O86+Q86+S86+U86+W86+Y86+AA86+AC86 -> 0
B87: 24 | C87: 8.1. | E87: Лицам, проходящим первоначальную профессиональную подготовку в организациях образования правоохранительных органов | AD87: =F87+H87+J87+L87+N87+P87+R87+T87+V87+X87+Z87+AB87 -> 0 | AE87: =G87+I87+K87+M87+O87+Q87+S87+U87+W87+Y87+AA87+AC87 -> 0
A88: 6 | C88: 8.1. | D88: Освобождение граждан от призыва на воинскую службу | AD88: =F88+H88+J88+L88+N88+P88+R88+T88+V88+X88+Z88+AB88 -> 0 | AE88: =G88+I88+K88+M88+O88+Q88+S88+U88+W88+Y88+AA88+AC88 -> 0
B89: 25 | C89: 8.1. | E89: Признанные негодными к воинской службе по состоянию здоровья | AD89: =F89+H89+J89+L89+N89+P89+R89+T89+V89+X89+Z89+AB89 -> 0 | AE89: =G89+I89+K89+M89+O89+Q89+S89+U89+W89+Y89+AA89+AC89 -> 0
B90: 26 | C90: 8.1. | E90: Не призванные на законных основаниях на срочную воинскую службу, по достижении двадцати семи лет | AD90: =F90+H90+J90+L90+N90+P90+R90+T90+V90+X90+Z90+AB90 -> 0 | AE90: =G90+I90+K90+M90+O90+Q90+S90+U90+W90+Y90+AA90+AC90 -> 0
B91: 27 | C91: 8.1. | E91: Граждане у которых один из родственников (отец, мать, брат или сестра) погиб, умер или стал лицом с инвалидностью первой или второй группы при исполнении служебных обязанностей в период прохождения воинской службы | AD91: =F91+H91+J91+L91+N91+P91+R91+T91+V91+X91+Z91+AB91 -> 0 | AE91: =G91+I91+K91+M91+O91+Q91+S91+U91+W91+Y91+AA91+AC91 -> 0
B92: 28 | C92: 8.1. | E92: Прошедшие воинскую (альтернативную) службу в другом государстве | AD92: =F92+H92+J92+L92+N92+P92+R92+T92+V92+X92+Z92+AB92 -> 0 | AE92: =G92+I92+K92+M92+O92+Q92+S92+U92+W92+Y92+AA92+AC92 -> 0
B93: 29 | C93: 8.1. | E93: Проходившие службу в специальных государственных органах Республики Казахстан, за исключением случаев, предусмотренных пунктом 9 статьи 51 Закона Республики Казахстан "О специальных государственных органах Республики Казахстан" | AD93: =F93+H93+J93+L93+N93+P93+R93+T93+V93+X93+Z93+AB93 -> 0 | AE93: =G93+I93+K93+M93+O93+Q93+S93+U93+W93+Y93+AA93+AC93 -> 0
B94: 30 | C94: 8.1. | E94: Имеющие ученую степень | AD94: =F94+H94+J94+L94+N94+P94+R94+T94+V94+X94+Z94+AB94 -> 0 | AE94: =G94+I94+K94+M94+O94+Q94+S94+U94+W94+Y94+AA94+AC94 -> 0
B95: 31 | C95: 8.1. | E95: Священнослужители зарегистрированных религиозных объединений | AD95: =F95+H95+J95+L95+N95+P95+R95+T95+V95+X95+Z95+AB95 -> 0 | AE95: =G95+I95+K95+M95+O95+Q95+S95+U95+W95+Y95+AA95+AC95 -> 0
A96: 7 | C96: 8.1. | D96: Выдача, продление и отзыв разрешения трудовому иммигранту | AD96: =F96+H96+J96+L96+N96+P96+R96+T96+V96+X96+Z96+AB96 -> 0 | AE96: =G96+I96+K96+M96+O96+Q96+S96+U96+W96+Y96+AA96+AC96 -> 0
B97: 32 | C97: 8.1. | E97: Выдача разрешений трудовым иммигрантам | AD97: =F97+H97+J97+L97+N97+P97+R97+T97+V97+X97+Z97+AB97 -> 0 | AE97: =G97+I97+K97+M97+O97+Q97+S97+U97+W97+Y97+AA97+AC97 -> 0
B98: 33 | C98: 8.1. | E98: Продление разрешений трудовым иммигрантам | AD98: =F98+H98+J98+L98+N98+P98+R98+T98+V98+X98+Z98+AB98 -> 0 | AE98: =G98+I98+K98+M98+O98+Q98+S98+U98+W98+Y98+AA98+AC98 -> 0
B99: 34 | C99: 8.1. | E99: Отзыв разрешений трудовому иммигранту | AD99: =F99+H99+J99+L99+N99+P99+R99+T99+V99+X99+Z99+AB99 -> 0 | AE99: =G99+I99+K99+M99+O99+Q99+S99+U99+W99+Y99+AA99+AC99 -> 0
A100: 8 | C100: 8.1. | D100: Выдача справок по опеке и попечительству | AD100: =F100+H100+J100+L100+N100+P100+R100+T100+V100+X100+Z100+AB100 -> 0 | AE100: =G100+I100+K100+M100+O100+Q100+S100+U100+W100+Y100+AA100+AC100 -> 0
A101: 9 | C101: 8.1. | D101: Установление опеки или попечительства над ребенком-сиротой (детьми-сиротами) и ребенком (детьми), оставшимся без попечения родителей | AD101: =F101+H101+J101+L101+N101+P101+R101+T101+V101+X101+Z101+AB101 -> 0 | AE101: =G101+I101+K101+M101+O101+Q101+S101+U101+W101+Y101+AA101+AC101 -> 0
A102: 10 | C102: 8.1. | D102: Выдача справок для распоряжения имуществом несовершеннолетних | AD102: =F102+H102+J102+L102+N102+P102+R102+T102+V102+X102+Z102+AB102 -> 0 | AE102: =G102+I102+K102+M102+O102+Q102+S102+U102+W102+Y102+AA102+AC102 -> 0
A103: 11 | C103: 8.1. | D103: Обследование и оказание психолого-медико-педагогической консультативной помощи детям с ограниченными возможностями | AD103: =F103+H103+J103+L103+N103+P103+R103+T103+V103+X103+Z103+AB103 -> 0 | AE103: =G103+I103+K103+M103+O103+Q103+S103+U103+W103+Y103+AA103+AC103 -> 0
A104: 12 | C104: 8.1. | D104: Размещение государственного образовательного заказа на специальную психолого-педагогическую поддержку детей ограниченными возможностями | AD104: =F104+H104+J104+L104+N104+P104+R104+T104+V104+X104+Z104+AB104 -> 0 | AE104: =G104+I104+K104+M104+O104+Q104+S104+U104+W104+Y104+AA104+AC104 -> 0
A105: 13 | C105: 8.1. | D105: Реабилитация и социальная адаптация детей и подростков с проблемами в развитии | AD105: =F105+H105+J105+L105+N105+P105+R105+T105+V105+X105+Z105+AB105 -> 0 | AE105: =G105+I105+K105+M105+O105+Q105+S105+U105+W105+Y105+AA105+AC105 -> 0
A106: 14 | C106: 8.1. | D106: Выдача разрешения на свидания с ребенком родителям, лишенным родительских прав, не оказывающие на ребенка негативного влияния | AD106: =F106+H106+J106+L106+N106+P106+R106+T106+V106+X106+Z106+AB106 -> 0 | AE106: =G106+I106+K106+M106+O106+Q106+S106+U106+W106+Y106+AA106+AC106 -> 0
A107: 15 | C107: 8.1. | D107: Передача ребенка (детей) в гостевую семью | AD107: =F107+H107+J107+L107+N107+P107+R107+T107+V107+X107+Z107+AB107 -> 0 | AE107: =G107+I107+K107+M107+O107+Q107+S107+U107+W107+Y107+AA107+AC107 -> 0
A108: 16 | C108: 8.1. | D108: Выдача решения органа опеки и попечительства об учете мнения ребенка, достигшего десятилетнего возраста | AD108: =F108+H108+J108+L108+N108+P108+R108+T108+V108+X108+Z108+AB108 -> 0 | AE108: =G108+I108+K108+M108+O108+Q108+S108+U108+W108+Y108+AA108+AC108 -> 0
...

Sheet Форма 2
A3: Данные о работе местного исполнительного органа по внутреннему контролю за качеством оказания государственных услуг, шт.
A5: 2.1. Информация о количестве оказанных государственных услуг
A6: № | D6: Выполняемые мероприятия | F6: Наименование месяцев | AD6: ВСЕГО
F7: январь | H7: февраль | J7: март | L7: апрель | N7: май | P7: июнь | R7: июль | T7: август | V7: сентябрь | X7: октябрь | Z7: ноябрь | AB7: декабрь
F8: физ. лицо | G8: юр. лицо | H8: физ. лицо | I8: юр. лицо | J8: физ. лицо | K8: юр. лицо | L8: физ. лицо | M8: юр. лицо | N8: физ. лицо | O8: юр. лицо | P8: физ. лицо | Q8: юр. лицо | R8: физ. лицо | S8: юр. лицо | T8: физ. лицо | U8: юр. лицо | V8: физ. лицо | W8: юр. лицо | X8: физ. лицо | Y8: юр. лицо | Z8: физ. лицо | AA8: юр. лицо | AB8: физ. лицо | AC8: юр. лицо | AD8: физ. лицо | AE8: юр. лицо
D9: Количество государственных услуг, оказанных в электронном виде – всего, в том числе: | F9: =F10+F373 -> 31 | G9: =G10+G373 -> 89 | H9: =H10+H373 -> 49 | I9: =I10+I373 -> 25 | J9: =J10+J373 -> 53 | K9: =K10+K373 -> 82 | L9: =L10+L373 -> 54 | M9: =M10+M373 -> 57 | ... AC9: =AC10+AC373 -> 0 | AD9: =F9+H9+J9+L9+N9+P9+R9+T9+V9+X9+Z9+AB9 -> 353 | AE9: =G9+I9+K9+M9+O9+Q9+S9+U9+W9+Y9+AA9+AC9 -> 466
C10: ПЭП | D10: Количество государственных услуг оказанных в электронном виде через веб-портал «электронное правительство» в том числе по видам услуг: | F10: =SUM(F12:F372) -> 0 | G10: =SUM(G12:G372) -> 0 | H10: =SUM(H12:H372) -> 0 | I10: =SUM(I12:I372) -> 0 | J10: =SUM(J12:J372) -> 0 | K10: =SUM(K12:K372) -> 0 | L10: =SUM(L12:L372) -> 0 | M10: =SUM(M12:M372) -> 0 | ... AC10: =SUM(AC12:AC372) -> 0 | AD10: =F10+H10+J10+L10+N10+P10+R10+T10+V10+X10+Z10+AB10 -> 0 | AE10: =G10+I10+K10+M10+O10+Q10+S10+U10+W10+Y10+AA10+AC10 -> 0
D11: наименование государственной услуги | E11: наименование подвида государственной услуги
A12: 1 | C12: ПЭП | D12: Выдача удостоверений на право управления тракторами и изготовленными на их базе самоходными шасси и механизмами, самоходными сельскохозяйственными, мелиоративными и дорожно-строительными машинами и механизмами, а также специальными машинами повышенной проходимости | AD12: =F12+H12+J12+L12+N12+P12+R12+T12+V12+X12+Z12+AB12 -> 0 | AE12: =G12+I12+K12+M12+O12+Q12+S12+U12+W12+Y12+AA12+AC12 -> 0
B13: 1 | C13: ПЭП | E13: Получение удостоверения тракториста-машиниста категорий "А", "В", "Г", "Б" и "Д" | F13: 0 | H13: 0 | J13: 0 | L13: 0 | N13: 0 | P13: 0 | R13: 0 | T13: 0 | V13: 0 | AD13: =F13+H13+J13+L13+N13+P13+R13+T13+V13+X13+Z13+AB13 -> 0 | AE13: =G13+I13+K13+M13+O13+Q13+S13+U13+W13+Y13+AA13+AC13 -> 0
B14: 2 | C14: ПЭП | E14: Получение удостоверения тракториста-машиниста с записью "управление снегоходами, квадроциклами разрешено": | F14: 0 | H14: 0 | J14: 0 | L14: 0 | N14: 0 | P14: 0 | R14: 0 | T14: 0 | V14: 0 | AD14: =F14+H14+J14+L14+N14+P14+R14+T14+V14+X14+Z14+AB14 -> 0 | AE14: =G14+I14+K14+M14+O14+Q14+S14+U14+W14+Y14+AA14+AC14 -> 0
B15: 3 | C15: ПЭП | E15: Замена удостоверения тракториста-машиниста | F15: 0 | H15: 0 | J15: 0 | L15: 0 | N15: 0 | P15: 0 | R15: 0 | T15: 0 | V15: 0 | AD15: =F15+H15+J15+L15+N15+P15+R15+T15+V15+X15+Z15+AB15 -> 0 | AE15: =G15+I15+K15+M15+O15+Q15+S15+U15+W15+Y15+AA15+AC15 -> 0
B16: 4 | C16: ПЭП | E16: Получение дубликата удостоверения тракториста-машиниста | F16: 0 | H16: 0 | J16: 0 | L16: 0 | N16: 0 | P16: 0 | R16: 0 | T16: 0 | V16: 0 | AD16: =F16+H16+J16+L16+N16+P16+R16+T16+V16+X16+Z16+AB16 -> 0 | AE16: =G16+I16+K16+M16+O16+Q16+S16+U16+W16+Y16+AA16+AC16 -> 0
A17: 2 | C17: ПЭП | D17: Выдача удостоверения на право управления самоходным маломерным судном | AD17: =F17+H17+J17+L17+N17+P17+R17+T17+V17+X17+Z17+AB17 -> 0 | AE17: =G17+I17+K17+M17+O17+Q17+S17+U17+W17+Y17+AA17+AC17 -> 0
B18: 5 | C18: ПЭП | E18: Выдача удостоверения на право управления самоходным маломерным судном | AD18: =F18+H18+J18+L18+N18+P18+R18+T18+V18+X18+Z18+AB18 -> 0 | AE18: =G18+I18+K18+M18+O18+Q18+S18+U18+W18+Y18+AA18+AC18 -> 0
B19: 6 | C19: ПЭП | E19: Выдача дубликата удостоверения на право управления самоходным маломерным судном | AD19: =F19+H19+J19+L19+N19+P19+R19+T19+V19+X19+Z19+AB19 -> 0 | AE19: =G19+I19+K19+M19+O19+Q19+S19+U19+W19+Y19+AA19+AC19 -> 0
B20: 7 | C20: ПЭП | E20: Выдача удостоверения на право управления самоходным маломерным судном в случае истечения срока действия ранее выданного удостоверения | AD20: =F20+H20+J20+L20+N20+P20+R20+T20+V20+X20+Z20+AB20 -> 0 | AE20: =G20+I20+K20+M20+O20+Q20+S20+U20+W20+Y20+AA20+AC20 -> 0
B21: 8 | C21: ПЭП | E21: "Выдача удостоверения на право управления самоходным маломерным судном в связи с изменением района плавания и (или) типа судна" | AD21: =F21+H21+J21+L21+N21+P21+R21+T21+V21+X21+Z21+AB21 -> 0 | AE21: =G21+I21+K21+M21+O21+Q21+S21+U21+W21+Y21+AA21+AC21 -> 0
A22: 3 | C22: ПЭП | D22: Проведение регистрации и перерегистрации лиц, осуществляющих миссионерскую деятельность | AD22: =F22+H22+J22+L22+N22+P22+R22+T22+V22+X22+Z22+AB22 -> 0 | AE22: =G22+I22+K22+M22+O22+Q22+S22+U22+W22+Y22+AA22+AC22 -> 0
A23: 4 | C23: ПЭП | D23: Присвоение или продление статуса кандаса | AD23: =F23+H23+J23+L23+N23+P23+R23+T23+V23+X23+Z23+AB23 -> 0 | AE23: =G23+I23+K23+M23+O23+Q23+S23+U23+W23+Y23+AA23+AC23 -> 0
B24: 9 | C24: ПЭП | E24: Получение статуса в общем порядке | AD24: =F24+H24+J24+L24+N24+P24+R24+T24+V24+X24+Z24+AB24 -> 0 | AE24: =G24+I24+K24+M24+O24+Q24+S24+U24+W24+Y24+AA24+AC24 -> 0
B25: 10 | C25: ПЭП | E25: Получение статуса на основании согласия местного исполнительного органа на присвоение статуса кандаса через загранучреждения Республики Казахстан | AD25: =F25+H25+J25+L25+N25+P25+R25+T25+V25+X25+Z25+AB25 -> 0 | AE25: =G25+I25+K25+M25+O25+Q25+S25+U25+W25+Y25+AA25+AC25 -> 0
B26: 11 | C26: ПЭП | E26: Продление статуса | AD26: =F26+H26+J26+L26+N26+P26+R26+T26+V26+X26+Z26+AB26 -> 0 | AE26: =G26+I26+K26+M26+O26+Q26+S26+U26+W26+Y26+AA26+AC26 -> 0
A27: 5 | C27: ПЭП | D27: Предоставление отсрочки от призыва | AD27: =F27+H27+J27+L27+N27+P27+R27+T27+V27+X27+Z27+AB27 -> 0 | AE27: =G27+I27+K27+M27+O27+Q27+S27+U27+W27+Y27+AA27+AC27 -> 0
B28: 12 | C28: ПЭП | E28: Гражданам, занятым уходом за членами семьи, нуждающимися в посторонней помощи и не находящимися на полном государственном обеспечении, при отсутствии близких родственников или других лиц, проживающих на территории Республики Казахстан вместе с ними или отдельно, обязанных по закону содержать указанных членов семьи | AD28: =F28+H28+J28+L28+N28+P28+R28+T28+V28+X28+Z28+AB28 -> 0 | AE28: =G28+I28+K28+M28+O28+Q28+S28+U28+W28+Y28+AA28+AC28 -> 0
B29: 13 | C29: ПЭП | E29: Гражданам, имеющим на своем иждивении ребенка (детей), воспитываемого без матери | AD29: =F29+H29+J29+L29+N29+P29+R29+T29+V29+X29+Z29+AB29 -> 0 | AE29: =G29+I29+K29+M29+O29+Q29+S29+U29+W29+Y29+AA29+AC29 -> 0
B30: 14 | C30: ПЭП | E30: Гражданам, имеющим на своем иждивении лиц, у которых они находились на воспитании и содержании не менее двух лет в связи со смертью своих родителей или лишением их родительских прав, или осуждением судом к лишению свободы | AD30: =F30+H30+J30+L30+N30+P30+R30+T30+V30+X30+Z30+AB30 -> 0 | AE30: =G30+I30+K30+M30+O30+Q30+S30+U30+W30+Y30+AA30+AC30 -> 0
B31: 15 | C31: ПЭП | E31: Гражданам, состоящим в браке и имеющие одного и более детей | AD31: =F31+H31+J31+L31+N31+P31+R31+T31+V31+X31+Z31+AB31 -> 0 | AE31: =G31+I31+K31+M31+O31+Q31+S31+U31+W31+Y31+AA31+AC31 -> 0
B32: 16 | C32: ПЭП | E32: Гражданам, получающим образование, на период обучения | AD32: =F32+H32+J32+L32+N32+P32+R32+T32+V32+X32+Z32+AB32 -> 0 | AE32: =G32+I32+K32+M32+O32+Q32+S32+U32+W32+Y32+AA32+AC32 -> 0
B33: 17 | C33: ПЭП | E33: Гражданам, по состоянию здоровья | AD33: =F33+H33+J33+L33+N33+P33+R33+T33+V33+X33+Z33+AB33 -> 0 | AE33: =G33+I33+K33+M33+O33+Q33+S33+U33+W33+Y33+AA33+AC33 -> 0
B34: 18 | C34: ПЭП | E34: Педагогам, осуществляющим профессиональную деятельность в дошкольных организациях образования, организациях среднего (начального, основного среднего, общего среднего), технического и профессионального, послесреднего образования, специализированных, специальных организациях образования, организациях образования для детей-сирот и детей, оставшихся без попечения родителей, организациях дополнительного образования для детей, а также в методических кабинетах | AD34: =F34+H34+J34+L34+N34+P34+R34+T34+V34+X34+Z34+AB34 -> 0 | AE34: =G34+I34+K34+M34+O34+Q34+S34+U34+W34+Y34+AA34+AC34 -> 0
B35: 19 | C35: ПЭП | E35: Врачам, имеющим соответствующее образование, постоянно работающим по специальности в сельской местности | AD35: =F35+H35+J35+L35+N35+P35+R35+T35+V35+X35+Z35+AB35 -> 0 | AE35: =G35+I35+K35+M35+O35+Q35+S35+U35+W35+Y35+AA35+AC35 -> 0
B36: 20 | C36: ПЭП | E36: Депутатам Парламента Республики Казахстан или местных представительных органов | AD36: =F36+H36+J36+L36+N36+P36+R36+T36+V36+X36+Z36+AB36 -> 0 | AE36: =G36+I36+K36+M36+O36+Q36+S36+U36+W36+Y36+AA36+AC36 -> 0
B37: 21 | C37: ПЭП | E37: Лицам, в отношении которых ведется дознание, предварительное следствие или уголовные дела рассматриваются судами | AD37: =F37+H37+J37+L37+N37+P37+R37+T37+V37+X37+Z37+AB37 -> 0 | AE37: =G37+I37+K37+M37+O37+Q37+S37+U37+W37+Y37+AA37+AC37 -> 0
B38: 22 | C38: ПЭП | E38: Членам летных экипажей гражданских воздушных судов, инженерам, механикам и техникам гражданской авиации, имеющим соответствующее образование | AD38: =F38+H38+J38+L38+N38+P38+R38+T38+V38+X38+Z38+AB38 -> 0 | AE38: =G38+I38+K38+M38+O38+Q38+S38+U38+W38+Y38+AA38+AC38 -> 0
B39: 23 | C39: ПЭП | E39: Членам экипажей судов, имеющим соответствующее образование | AD39: =F39+H39+J39+L39+N39+P39+R39+T39+V39+X39+Z39+AB39 -> 0 | AE39: =G39+I39+K39+M39+O39+Q39+S39+U39+W39+Y39+AA39+AC39 -> 0
B40: 24 | C40: ПЭП | E40: Лицам, проходящим первоначальную профессиональную подготовку в организациях образования правоохранительных органов | AD40: =F40+H40+J40+L40+N40+P40+R40+T40+V40+X40+Z40+AB40 -> 0 | AE40: =G40+I40+K40+M40+O40+Q40+S40+U40+W40+Y40+AA40+AC40 -> 0
A41: 6 | C41: ПЭП | D41: Освобождение граждан от призыва на воинскую службу | AD41: =F41+H41+J41+L41+N41+P41+R41+T41+V41+X41+Z41+AB41 -> 0 | AE41: =G41+I41+K41+M41+O41+Q41+S41+U41+W41+Y41+AA41+AC41 -> 0
B42: 25 | C42: ПЭП | E42: Признанные негодными к воинской службе по состоянию здоровья | AD42: =F42+H42+J42+L42+N42+P42+R42+T42+V42+X42+Z42+AB42 -> 0 | AE42: =G42+I42+K42+M42+O42+Q42+S42+U42+W42+Y42+AA42+AC42 -> 0
B43: 26 | C43: ПЭП | E43: Не призванные на законных основаниях на срочную воинскую службу, по достижении двадцати семи лет | AD43: =F43+H43+J43+L43+N43+P43+R43+T43+V43+X43+Z43+AB43 -> 0 | AE43: =G43+I43+K43+M43+O43+Q43+S43+U43+W43+Y43+AA43+AC43 -> 0
B44: 27 | C44: ПЭП | E44: Граждане у которых один из родственников (отец, мать, брат или сестра) погиб, умер или стал лицом с инвалидностью первой или второй группы при исполнении служебных обязанностей в период прохождения воинской службы | AD44: =F44+H44+J44+L44+N44+P44+R44+T44+V44+X44+Z44+AB44 -> 0 | AE44: =G44+I44+K44+M44+O44+Q44+S44+U44+W44+Y44+AA44+AC44 -> 0
B45: 28 | C45: ПЭП | E45: Прошедшие воинскую (альтернативную) службу в другом государстве | AD45: =F45+H45+J45+L45+N45+P45+R45+T45+V45+X45+Z45+AB45 -> 0 | AE45: =G45+I45+K45+M45+O45+Q45+S45+U45+W45+Y45+AA45+AC45 -> 0
B46: 29 | C46: ПЭП | E46: Проходившие службу в специальных государственных органах Республики Казахстан, за исключением случаев, предусмотренных пунктом 9 статьи 51 Закона Республики Казахстан "О специальных государственных органах Республики Казахстан" | AD46: =F46+H46+J46+L46+N46+P46+R46+T46+V46+X46+Z46+AB46 -> 0 | AE46: =G46+I46+K46+M46+O46+Q46+S46+U46+W46+Y46+AA46+AC46 -> 0
B47: 30 | C47: ПЭП | E47: Имеющие ученую степень | AD47: =F47+H47+J47+L47+N47+P47+R47+T47+V47+X47+Z47+AB47 -> 0 | AE47: =G47+I47+K47+M47+O47+Q47+S47+U47+W47+Y47+AA47+AC47 -> 0
B48: 31 | C48: ПЭП | E48: Священнослужители зарегистрированных религиозных объединений | AD48: =F48+H48+J48+L48+N48+P48+R48+T48+V48+X48+Z48+AB48 -> 0 | AE48: =G48+I48+K48+M48+O48+Q48+S48+U48+W48+Y48+AA48+AC48 -> 0
A49: 7 | C49: ПЭП | D49: Выдача, продление и отзыв разрешения трудовому иммигранту | AD49: =F49+H49+J49+L49+N49+P49+R49+T49+V49+X49+Z49+AB49 -> 0 | AE49: =G49+I49+K49+M49+O49+Q49+S49+U49+W49+Y49+AA49+AC49 -> 0
B50: 32 | C50: ПЭП | E50: Выдача разрешений трудовым иммигрантам | AD50: =F50+H50+J50+L50+N50+P50+R50+T50+V50+X50+Z50+AB50 -> 0 | AE50: =G50+I50+K50+M50+O50+Q50+S50+U50+W50+Y50+AA50+AC50 -> 0
B51: 33 | C51: ПЭП | E51: Продление разрешений трудовым иммигрантам | AD51: =F51+H51+J51+L51+N51+P51+R51+T51+V51+X51+Z51+AB51 -> 0 | AE51: =G51+I51+K51+M51+O51+Q51+S51+U51+W51+Y51+AA51+AC51 -> 0
B52: 34 | C52: ПЭП | E52: Отзыв разрешений трудовому иммигранту | AD52: =F52+H52+J52+L52+N52+P52+R52+T52+V52+X52+Z52+AB52 -> 0 | AE52: =G52+I52+K52+M52+O52+Q52+S52+U52+W52+Y52+AA52+AC52 -> 0
A53: 8 | C53: ПЭП | D53: Выдача справок по опеке и попечительству | AD53: =F53+H53+J53+L53+N53+P53+R53+T53+V53+X53+Z53+AB53 -> 0 | AE53: =G53+I53+K53+M53+O53+Q53+S53+U53+W53+Y53+AA53+AC53 -> 0
A54: 9 | C54: ПЭП | D54: Установление опеки или попечительства над ребенком-сиротой (детьми-сиротами) и ребенком (детьми), оставшимся без попечения родителей | AD54: =F54+H54+J54+L54+N54+P54+R54+T54+V54+X54+Z54+AB54 -> 0 | AE54: =G54+I54+K54+M54+O54+Q54+S54+U54+W54+Y54+AA54+AC54 -> 0
A55: 10 | C55: ПЭП | D55: Выдача справок для распоряжения имуществом несовершеннолетних | AD55: =F55+H55+J55+L55+N55+P55+R55+T55+V55+X55+Z55+AB55 -> 0 | AE55: =G55+I55+K55+M55+O55+Q55+S55+U55+W55+Y55+AA55+AC55 -> 0
A56: 11 | C56: ПЭП | D56: Обследование и оказание психолого-медико-педагогической консультативной помощи детям с ограниченными возможностями | AD56: =F56+H56+J56+L56+N56+P56+R56+T56+V56+X56+Z56+AB56 -> 0 | AE56: =G56+I56+K56+M56+O56+Q56+S56+U56+W56+Y56+AA56+AC56 -> 0
A57: 12 | C57: ПЭП | D57: Размещение государственного образовательного заказа на специальную психолого-педагогическую поддержку детей ограниченными возможностями | AD57: =F57+H57+J57+L57+N57+P57+R57+T57+V57+X57+Z57+AB57 -> 0 | AE57: =G57+I57+K57+M57+O57+Q57+S57+U57+W57+Y57+AA57+AC57 -> 0
A58: 13 | C58: ПЭП | D58: Реабилитация и социальная адаптация детей и подростков с проблемами в развитии | AD58: =F58+H58+J58+L58+N58+P58+R58+T58+V58+X58+Z58+AB58 -> 0 | AE58: =G58+I58+K58+M58+O58+Q58+S58+U58+W58+Y58+AA58+AC58 -> 0
A59: 14 | C59: ПЭП | D59: Выдача разрешения на свидания с ребенком родителям, лишенным родительских прав, не оказывающие на ребенка негативного влияния | AD59: =F59+H59+J59+L59+N59+P59+R59+T59+V59+X59+Z59+AB59 -> 0 | AE59: =G59+I59+K59+M59+O59+Q59+S59+U59+W59+Y59+AA59+AC59 -> 0
A60: 15 | C60: ПЭП | D60: Передача ребенка (детей) в гостевую семью | AD60: =F60+H60+J60+L60+N60+P60+R60+T60+V60+X60+Z60+AB60 -> 0 | AE60: =G60+I60+K60+M60+O60+Q60+S60+U60+W60+Y60+AA60+AC60 -> 0
A61: 16 | C61: ПЭП | D61: Выдача решения органа опеки и попечительства об учете мнения ребенка, достигшего десятилетнего возраста | AD61: =F61+H61+J61+L61+N61+P61+R61+T61+V61+X61+Z61+AB61 -> 0 | AE61: =G61+I61+K61+M61+O61+Q61+S61+U61+W61+Y61+AA61+AC61 -> 0
A62: 17 | C62: ПЭП | D62: Установление опеки или попечительства над недееспособными или ограниченно дееспособными совершеннолетними лицами | AD62: =F62+H62+J62+L62+N62+P62+R62+T62+V62+X62+Z62+AB62 -> 0 | AE62: =G62+I62+K62+M62+O62+Q62+S62+U62+W62+Y62+AA62+AC62 -> 0
A63: 18 | C63: ПЭП | D63: Выдача разрешения по распоряжению имуществом, снятию пенсий, пособий, социальных выплат, поступивших на счет недееспособного или ограниченно дееспособного совершеннолетнего лица, и на отчуждение имущества граждан, признанных по решению суда недееспособными или ограниченно дееспособными | AD63: =F63+H63+J63+L63+N63+P63+R63+T63+V63+X63+Z63+AB63 -> 0 | AE63: =G63+I63+K63+M63+O63+Q63+S63+U63+W63+Y63+AA63+AC63 -> 0
B64: 35 | C64: ПЭП | E64: Выдача разрешения по распоряжению имуществом, снятию пенсий, пособий, социальных выплат, поступивших на счет недееспособного или ограниченно дееспособного совершеннолетнего лица | AD64: =F64+H64+J64+L64+N64+P64+R64+T64+V64+X64+Z64+AB64 -> 0 | AE64: =G64+I64+K64+M64+O64+Q64+S64+U64+W64+Y64+AA64+AC64 -> 0
B65: 36 | C65: ПЭП | E65: Выдача разрешения на отчуждение имущества граждан, признанных по решению суда недееспособными или ограниченно дееспособными | AD65: =F65+H65+J65+L65+N65+P65+R65+T65+V65+X65+Z65+AB65 -> 0 | AE65: =G65+I65+K65+M65+O65+Q65+S65+U65+W65+Y65+AA65+AC65 -> 0
A66: 19 | C66: ПЭП | D66: Постановка на очередь детей дошкольного возраста (до 6 лет) для направления в дошкольные организации | AD66: =F66+H66+J66+L66+N66+P66+R66+T66+V66+X66+Z66+AB66 -> 0 | AE66: =G66+I66+K66+M66+O66+Q66+S66+U66+W66+Y66+AA66+AC66 -> 0
A67: 20 | C67: ПЭП | D67: Прием документов и зачисление детей в дошкольные организации | AD67: =F67+H67+J67+L67+N67+P67+R67+T67+V67+X67+Z67+AB67 -> 0 | AE67: =G67+I67+K67+M67+O67+Q67+S67+U67+W67+Y67+AA67+AC67 -> 0
A68: 21 | C68: ПЭП | D68: Прием документов и зачисление в пред школьный класс общеобразовательных школ, лицеев и гимназий | AD68: =F68+H68+J68+L68+N68+P68+R68+T68+V68+X68+Z68+AB68 -> 0 | AE68: =G68+I68+K68+M68+O68+Q68+S68+U68+W68+Y68+AA68+AC68 -> 0
A69: 22 | C69: ПЭП | D69: Прием документов и зачисление в организации образования независимо от ведомственной подчиненности для обучения по общеобразовательным программам начального, основного среднего, общего среднего образования | AD69: =F69+H69+J69+L69+N69+P69+R69+T69+V69+X69+Z69+AB69 -> 0 | AE69: =G69+I69+K69+M69+O69+Q69+S69+U69+W69+Y69+AA69+AC69 -> 0
B70: 37 | C70: ПЭП | E70: Прием документов на участие в конкурсе для поступления в специализированные организации образования (школы для одаренных детей) | AD70: =F70+H70+J70+L70+N70+P70+R70+T70+V70+X70+Z70+AB70 -> 0 | AE70: =G70+I70+K70+M70+O70+Q70+S70+U70+W70+Y70+AA70+AC70 -> 0
B71: 38 | C71: ПЭП | E71: Отзыв заявления на прием в школу | AD71: =F71+H71+J71+L71+N71+P71+R71+T71+V71+X71+Z71+AB71 -> 0 | AE71: =G71+I71+K71+M71+O71+Q71+S71+U71+W71+Y71+AA71+AC71 -> 0
B72: 39 | C72: ПЭП | E72: Прием документов и зачисление детей в "1" класс | AD72: =F72+H72+J72+L72+N72+P72+R72+T72+V72+X72+Z72+AB72 -> 0 | AE72: =G72+I72+K72+M72+O72+Q72+S72+U72+W72+Y72+AA72+AC72 -> 0
B73: 40 | C73: ПЭП | E73: Прием документов и зачисление детей в "10" класс | AD73: =F73+H73+J73+L73+N73+P73+R73+T73+V73+X73+Z73+AB73 -> 0 | AE73: =G73+I73+K73+M73+O73+Q73+S73+U73+W73+Y73+AA73+AC73 -> 0
A74: 23 | C74: ПЭП | D74: Прием документов и зачисление в организации образования независимо от ведомственной подчиненности для обучения по общеобразовательным программам начального, основного среднего, общего среднего образования иностранцев и лиц без гражданства, постоянно проживающих в Республике Казахстан | AD74: =F74+H74+J74+L74+N74+P74+R74+T74+V74+X74+Z74+AB74 -> 0 | AE74: =G74+I74+K74+M74+O74+Q74+S74+U74+W74+Y74+AA74+AC74 -> 0
A75: 24 | C75: ПЭП | D75: Прием документов для организации индивидуального бесплатного обучения на дому детей, которые по состоянию здоровья в течение длительного времени не могут посещать организации начального, основного среднего, общего среднего образования | AD75: =F75+H75+J75+L75+N75+P75+R75+T75+V75+X75+Z75+AB75 -> 0 | AE75: =G75+I75+K75+M75+O75+Q75+S75+U75+W75+Y75+AA75+AC75 -> 0
A76: 25 | C76: ПЭП | D76: Прием документов и зачисление в специальные организации (специальные группы/классы) образования детей с ограниченными возможностями для обучения по специальным общеобразовательным учебным программам | AD76: =F76+H76+J76+L76+N76+P76+R76+T76+V76+X76+Z76+AB76 -> 0 | AE76: =G76+I76+K76+M76+O76+Q76+S76+U76+W76+Y76+AA76+AC76 -> 0
B77: 41 | C77: ПЭП | E77: Прием документов и зачисление в специальные организации образования детей с ограниченными возможностями для обучения по специальным общеобразовательным учебным программам | AD77: =F77+H77+J77+L77+N77+P77+R77+T77+V77+X77+Z77+AB77 -> 0 | AE77: =G77+I77+K77+M77+O77+Q77+S77+U77+W77+Y77+AA77+AC77 -> 0
B78: 42 | C78: ПЭП | E78: Прием документов и зачисление детей с ограниченными возможностями для обучения по специальным общеобразовательным учебным программам в специальные группы/классы | AD78: =F78+H78+J78+L78+N78+P78+R78+T78+V78+X78+Z78+AB78 -> 0 | AE78: =G78+I78+K78+M78+O78+Q78+S78+U78+W78+Y78+AA78+AC78 -> 0
A79: 26 | C79: ПЭП | D79: Прием документов и зачисление в организации дополнительного образования для детей по предоставлению им дополнительного образования | AD79: =F79+H79+J79+L79+N79+P79+R79+T79+V79+X79+Z79+AB79 -> 0 | AE79: =G79+I79+K79+M79+O79+Q79+S79+U79+W79+Y79+AA79+AC79 -> 0
A80: 27 | C80: ПЭП | D80: Предоставление бесплатного подвоза к общеобразовательным организациям и обратно домой детям, проживающим в отдаленных сельских пунктах | AD80: =F80+H80+J80+L80+N80+P80+R80+T80+V80+X80+Z80+AB80 -> 0 | AE80: =G80+I80+K80+M80+O80+Q80+S80+U80+W80+Y80+AA80+AC80 -> 0
A81: 28 | C81: ПЭП | D81: Прием документов и выдача направлений на предоставление отдыха в загородных и пришкольных лагерях отдельным категориям обучающихся и воспитанников государственных учреждений образования | AD81: =F81+H81+J81+L81+N81+P81+R81+T81+V81+X81+Z81+AB81 -> 0 | AE81: =G81+I81+K81+M81+O81+Q81+S81+U81+W81+Y81+AA81+AC81 -> 0
A82: 29 | C82: ПЭП | D82: Оказание финансовой и материальной помощи обучающимся и воспитанникам организаций образования | AD82: =F82+H82+J82+L82+N82+P82+R82+T82+V82+X82+Z82+AB82 -> 0 | AE82: =G82+I82+K82+M82+O82+Q82+S82+U82+W82+Y82+AA82+AC82 -> 0
A83: 30 | C83: ПЭП | D83: Выдача разрешения на обучение в форме экстерната в организациях основного среднего, общего среднего образования | AD83: =F83+H83+J83+L83+N83+P83+R83+T83+V83+X83+Z83+AB83 -> 0 | AE83: =G83+I83+K83+M83+O83+Q83+S83+U83+W83+Y83+AA83+AC83 -> 0
A84: 31 | C84: ПЭП | D84: Предоставление бесплатного питания отдельным категориям граждан, а также лицам, находящимся под опекой (попечительством) и патронатом, обучающимся и воспитанникам организаций технического и профессионального, послесреднего образования | AD84: =F84+H84+J84+L84+N84+P84+R84+T84+V84+X84+Z84+AB84 -> 0 | AE84: =G84+I84+K84+M84+O84+Q84+S84+U84+W84+Y84+AA84+AC84 -> 0
A85: 32 | C85: ПЭП | D85: Прием документов на конкурс по размещению государственного образовательного заказа на подготовку кадров с техническим и профессиональным, послесредним образованием | AD85: =F85+H85+J85+L85+N85+P85+R85+T85+V85+X85+Z85+AB85 -> 0 | AE85: =G85+I85+K85+M85+O85+Q85+S85+U85+W85+Y85+AA85+AC85 -> 0
A86: 33 | C86: ПЭП | D86: Прием на обучение в республиканские, областные, городов республиканского значения, столицы специализированные школы-интернаты-колледжи олимпийского резерва и областные, городов республиканского значения, столицы школы-интернаты для одаренных в спорте детей | AD86: =F86+H86+J86+L86+N86+P86+R86+T86+V86+X86+Z86+AB86 -> 0 | AE86: =G86+I86+K86+M86+O86+Q86+S86+U86+W86+Y86+AA86+AC86 -> 0
B87: 43 | C87: ПЭП | E87: Прием на обучение в 5, 6, 7, 8, 9 классы специализированных школ-интернатов-колледжей олимпийского резерва и школ-интернатов для одаренных в спорте детей | AD87: =F87+H87+J87+L87+N87+P87+R87+T87+V87+X87+Z87+AB87 -> 0 | AE87: =G87+I87+K87+M87+O87+Q87+S87+U87+W87+Y87+AA87+AC87 -> 0
B88: 44 | C88: ПЭП | E88: Прием на обучение в 10 и 11 классы специализированных школ-интернатов-колледжей олимпийского резерва и школ-интернатов для одаренных в спорте детей | AD88: =F88+H88+J88+L88+N88+P88+R88+T88+V88+X88+Z88+AB88 -> 0 | AE88: =G88+I88+K88+M88+O88+Q88+S88+U88+W88+Y88+AA88+AC88 -> 0
B89: 45 | C89: ПЭП | E89: Прием на обучение на первый курс колледжа в специализированных школ-интернатов-колледжей олимпийского резерва | AD89: =F89+H89+J89+L89+N89+P89+R89+T89+V89+X89+Z89+AB89 -> 0 | AE89: =G89+I89+K89+M89+O89+Q89+S89+U89+W89+Y89+AA89+AC89 -> 0
A90: 34 | C90: ПЭП | D90: Прием документов в детско-юношеские спортивные школы, спортивные школы для лиц с инвалидностью | AD90: =F90+H90+J90+L90+N90+P90+R90+T90+V90+X90+Z90+AB90 -> 0 | AE90: =G90+I90+K90+M90+O90+Q90+S90+U90+W90+Y90+AA90+AC90 -> 0
A91: 35 | C91: ПЭП | D91: Прием документов для перевода детей между организациями начального, основного среднего, общего среднего образования | AD91: =F91+H91+J91+L91+N91+P91+R91+T91+V91+X91+Z91+AB91 -> 0 | AE91: =G91+I91+K91+M91+O91+Q91+S91+U91+W91+Y91+AA91+AC91 -> 0
A92: 36 | C92: ПЭП | D92: Возмещение затрат на обучение на дому детей с инвалидностью | AD92: =F92+H92+J92+L92+N92+P92+R92+T92+V92+X92+Z92+AB92 -> 0 | AE92: =G92+I92+K92+M92+O92+Q92+S92+U92+W92+Y92+AA92+AC92 -> 0
A93: 37 | C93: ПЭП | D93: Назначение и размер выплаты пособия опекунам или попечителям на содержание ребенка-сироты (детей-сирот) и ребенка (детей), оставшегося без попечения родителей | AD93: =F93+H93+J93+L93+N93+P93+R93+T93+V93+X93+Z93+AB93 -> 0 | AE93: =G93+I93+K93+M93+O93+Q93+S93+U93+W93+Y93+AA93+AC93 -> 0
A94: 38 | C94: ПЭП | D94: Передача ребенка (детей) на патронатное воспитание, назначение и размер выплаты денежных средств на содержание ребенка (детей), переданного патронатным воспитателям | AD94: =F94+H94+J94+L94+N94+P94+R94+T94+V94+X94+Z94+AB94 -> 0 | AE94: =G94+I94+K94+M94+O94+Q94+S94+U94+W94+Y94+AA94+AC94 -> 0
A95: 39 | C95: ПЭП | D95: Постановка на учет лиц, желающих усыновить детей | AD95: =F95+H95+J95+L95+N95+P95+R95+T95+V95+X95+Z95+AB95 -> 0 | AE95: =G95+I95+K95+M95+O95+Q95+S95+U95+W95+Y95+AA95+AC95 -> 0
A96: 40 | C96: ПЭП | D96: Прием документов на психологическую подготовку граждан, Республики Казахстан, постоянно проживающих на территории Республики Казахстан, желающих принять детей-сирот, детей, оставшихся без попечения родителей, на воспитание в свою семью | AD96: =F96+H96+J96+L96+N96+P96+R96+T96+V96+X96+Z96+AB96 -> 0 | AE96: =G96+I96+K96+M96+O96+Q96+S96+U96+W96+Y96+AA96+AC96 -> 0
A97: 41 | C97: ПЭП | D97: Назначение, возврат и размер единовременной денежной выплаты в связи с усыновлением ребенка-сироты и (или) ребенка, оставшегося без попечения родителей | AD97: =F97+H97+J97+L97+N97+P97+R97+T97+V97+X97+Z97+AB97 -> 0 | AE97: =G97+I97+K97+M97+O97+Q97+S97+U97+W97+Y97+AA97+AC97 -> 0
A98: 42 | C98: ПЭП | D98: Передача ребенка (детей) на воспитание в приемную семью и назначение выплаты денежных средств на их содержание | AD98: =F98+H98+J98+L98+N98+P98+R98+T98+V98+X98+Z98+AB98 -> 0 | AE98: =G98+I98+K98+M98+O98+Q98+S98+U98+W98+Y98+AA98+AC98 -> 0
A99: 43 | C99: ПЭП | D99: Прием документов и зачисление в Дома юношества | AD99: =F99+H99+J99+L99+N99+P99+R99+T99+V99+X99+Z99+AB99 -> 0 | AE99: =G99+I99+K99+M99+O99+Q99+S99+U99+W99+Y99+AA99+AC99 -> 0
A100: 44 | C100: ПЭП | D100: Государственная регистрация (перерегистрация), снятие с регистрационного учета тракторов и изготовленных на их базе самоходных шасси и механизмов, прицепов к ним, включая прицепы со смонтированным специальным оборудованием, самоходных сельскохозяйственных, мелиоративных и дорожно-строительных машин и механизмов, а также специальных машин повышенной проходимости и выдача регистрационного документа (дубликата) и государственного номерного знака для них | AD100: =F100+H100+J100+L100+N100+P100+R100+T100+V100+X100+Z100+AB100 -> 0 | AE100: =G100+I100+K100+M100+O100+Q100+S100+U100+W100+Y100+AA100+AC100 -> 0
B101: 46 | C101: ПЭП | E101: Регистрация машин | F101: 0 | G101: 0 | H101: 0 | I101: 0 | J101: 0 | K101: 0 | L101: 0 | M101: 0 | N101: 0 | O101: 0 | P101: 0 | Q101: 0 | R101: 0 | S101: 0 | T101: 0 | U101: 0 | V101: 0 | W101: 0 | AD101: =F101+H101+J101+L101+N101+P101+R101+T101+V101+X101+Z101+AB101 -> 0 | AE101: =G101+I101+K101+M101+O101+Q101+S101+U101+W101+Y101+AA101+AC101 -> 0
B102: 47 | C102: ПЭП | E102: Перерегистрация машин | F102: 0 | G102: 0 | H102: 0 | I102: 0 | J102: 0 | K102: 0 | L102: 0 | M102: 0 | N102: 0 | O102: 0 | P102: 0 | Q102: 0 | R102: 0 | S102: 0 | T102: 0 | U102: 0 | V102: 0 | W102: 0 | AD102: =F102+H102+J102+L102+N102+P102+R102+T102+V102+X102+Z102+AB102 -> 0 | AE102: =G102+I102+K102+M102+O102+Q102+S102+U102+W102+Y102+AA102+AC102 -> 0
B103: 48 | C103: ПЭП | E103: Снятие с регистрационного учета машин | F103: 0 | G103: 0 | H103: 0 | I103: 0 | J103: 0 | K103: 0 | L103: 0 | M103: 0 | N103: 0 | O103: 0 | P103: 0 | Q103: 0 | R103: 0 | S103: 0 | T103: 0 | U103: 0 | V103: 0 | W103: 0 | AD103: =F103+H103+J103+L103+N103+P103+R103+T103+V103+X103+Z103+AB103 -> 0 | AE103: =G103+I103+K103+M103+O103+Q103+S103+U103+W103+Y103+AA103+AC103 -> 0
...

Sheet Форма 3
B1: приложение 2
A2: ИНФОРМАЦИЯ О РЕЗУЛЬТАТАХ МОНИТОРИНГА КАЧЕСТВА ОКАЗАНИЯ ГОСУДАРСТВЕННЫХ УСЛУГ
A3: № | B3: Наименование мероприятий | C3: Количество
A4: 1 | B4: Количество оказанных государственных услуг – всего, из них: | C4: =C5+C6+C7+C8 -> 959
A5: 2 | B5: оказанных услугодателями (за исключением оказанных через Государственную корпорацию) в бумажной форме, всего | C5: ='Форма 1'!AD57+'Форма 1'!AE57 -> 0
A6: 3 | B6: оказанных услугодателями (за исключением оказанных через Государственную корпорацию) в бумажной форме, но которые могли быть оказаны через веб-портал "электронного правительства" и (или) Государственную корпорацию, всего | C6: ='Форма 1'!AD420+'Форма 1'!AE420 -> 78
A7: 4 | B7: оказанных через Госкорпорацию | C7: ='Форма 2'!AD735+'Форма 2'!AE735 -> 0
A8: 5 | B8: оказанных в электронном виде, всего, из них: | C8: =C9+C10+C11+C12 -> 881
A9: 6 | B9: оказанных в электронном виде через веб-портал «электронное правительство» | C9: ='Форма 2'!AD10+'Форма 2'!AE10 -> 0
A10: 7 | B10: оказанных в электронном виде через ГБД «Е-лицензирование» | C10: ='Форма 2'!AD373+'Форма 2'!AE373 -> 819
A11: 8 | B11: оказанных в электронном виде через информационные системы услугодателябез прямого контакта с услугополучателем | C11: ='Форма 1'!AD782+'Форма 1'!AE782 -> 0
A12: 9 | B12: оказанных в электронном виде через информационные системы услугодателя путем прямого контакта с услугополучателем и ручного ввода заявки в информационную систему | C12: ='Форма 1'!AD1144+'Форма 1'!AE1144 -> 62
